 Dungeon Crawl Stone Soup version 0.14-a0-1029-g9530a8b (webtiles) character file.

245 PolkaDot the Ruinous (level 4, -4/30 HPs)
             Began as a Vampire Conjurer on Nov 23, 2013.
             Killed by nerve-wracking pain
             ... invoked by Grinder
              (8 damage)
             ... on Level 3 of the Dungeon on Nov 24, 2013.
             The game lasted 00:08:00 (2067 turns).

PolkaDot the Ruinous (Vampire Conjurer)             Turns: 2067, Time: 00:08:00

HP  -4/30        AC  3     Str  7      XL: 4   Next: 54%
MP   3/8         EV 12     Int 18      God:
Gold 140         SH  0     Dex 14      Spells:  2 memorised,  2 levels left

Res.Fire  : . . .   See Invis. : +   t - +1 dwarf short sword (distort)
Res.Cold  : . . .   Warding    : .   a - +0 robe
Life Prot.: . . .   Conserve   : .   (no shield)
Res.Poison: .       Res.Corr.  : +   (no helmet)
Res.Elec. : .       Clarity    : .   (no cloak)
Sust.Abil.: . .     Spirit.Shd : .   (no gloves)
Res.Mut.  : .       Stasis     : .   i - +0 pair of boots
Res.Rott. : .       Flight     : .   g - amulet of resist corrosion {unknown}
Saprovore : . . .                    (no ring)
                                     (no ring)

@: regenerating quickly, invisible, very slightly contaminated, slightly
resistant to hostile enchantments, stealthy
A: fangs 3, see invisible, unbreathing
a: no special abilities


You were on level 3 of the Dungeon.
You were very full.

You visited 1 branch of the dungeon, and saw 3 of its levels.

You collected 140 gold pieces.

Inventory:

Hand weapons
 n - a +1,+2 elven falchion of holy wrath
 t - a +1,+1 dwarven short sword of distortion (weapon)
Armour
 a - a +0 robe (worn)
 i - a +0 pair of boots (worn)
Magical devices
 m - a wand of flame (11)
 o - a wand of flame (7)
Scrolls
 d - a scroll of random uselessness {unknown}
 f - 3 scrolls of identify {unknown}
 j - a scroll of fog {unknown}
 k - 2 scrolls of blinking {unknown}
 p - 3 scrolls of remove curse {unknown}
 s - a scroll of fear {unknown}
 u - a scroll of teleportation {unknown}
Jewellery
 g - an amulet of resist corrosion (around neck) {unknown}
 r - a cursed -2 ring of strength {unknown}
Potions
 b - 2 potions of curing
Books
 c - a book of Conjurations

   Spells                             Type                      Level
   *Magic Dart                        Conjuration                  1
   *Searing Ray                       Conjuration                  2
   Dazzling Spray                     Conjuration/Hexes            3
   Iskenderun's Mystic Blast          Conjuration                  4
   Iskenderun's Battlesphere          Conjuration/Charms           4
   Fulminant Prism                    Conjuration/Hexes            5


   Skills:
 - Level 2.1 Dodging
 - Level 3.0 Stealth
 - Level 1.0 Spellcasting
 * Level 4.5 Conjurations


You had 2 spell levels left.
You knew the following spells:

 Your Spells              Type           Power        Failure   Level  Hunger
s - Searing Ray           Conj           ###...       6%          2    ###....
z - Magic Dart            Conj           ###.         3%          1    ##.....


Dungeon Overview and Level Annotations

Branches:
Dungeon (3/16)

Altars:
Cheibriados

Annotations:
D:3 Grinder


Innate Abilities, Weirdness & Mutations

Your natural rate of healing is unusually fast.
You have razor-sharp teeth.*
You have supernaturally acute eyesight.
You can survive without breathing.*


Message History

Aim: Grinder (moderately wounded)
The searing ray hits Grinder.
Grinder is moderately wounded.
The searing ray hits Grinder.
Grinder is moderately wounded.
Grinder gestures at you.
You suddenly lose the ability to move!
You feel yourself slow down. Grinder hits you.
You writhe in agony.
Grinder hits you.
You writhe in agony.
Grinder hits you but does no damage. Grinder barely misses you.
Grinder hits you.
* * * LOW HITPOINT WARNING * * *
You writhe in agony.
* * * LOW HITPOINT WARNING * * *
You can move again.
Grinder gestures at you. Pain shoots through your body!
You die...

.#. . ...
#...#### ..#
#.......# ...
#.......# #.#
##.......# #.#
##.......)# #.#
..........# #.#
#.......# #@#
#......<# #.#
###..#########5#
#..%.5.......#
#.############
#.# #.# #.#
#.........


You could see Grinder.

Vanquished Creatures
  6 adders (D:2)
  A giant gecko (D:2)
  11 bats
  5 goblins
  5 hobgoblins
  4 jackals
  A ball python (D:1)
  A giant cockroach (D:2)
  6 giant newts
  6 kobolds
  7 rats
53 creatures vanquished.

Notes
Turn   | Place    | Note
--------------------------------------------------------------
     0 | D:1      | PolkaDot, the Vampire Conjurer, began the quest for the Orb.
     0 | D:1      | Reached XP level 1. HP: 13/13 MP: 4/4
   229 | D:1      | Reached XP level 2. HP: 19/19 MP: 2/5
   519 | D:1      | Learned a level 2 spell: Searing Ray
   915 | D:2      | Reached XP level 3. HP: 16/24 MP: 0/6
   972 | D:2      | Found a snail-covered altar of Cheibriados.
  1177 | D:2      | Reached skill level 4 in Conjurations
  1383 | D:2      | Reached XP level 4. HP: 30/30 MP: 6/8
  2007 | D:3      | Noticed Grinder
  2034 | D:3      | Paralysed by Grinder for 7 turns
  2060 | D:3      | Paralysed by Grinder for 6 turns
  2067 | D:3      | Killed from afar by Grinder

Action                   |  1- 3 |  4- 6 || total
-------------------------+-------+-------++-------
Melee: Unarmed           |    33 |       ||    33
 Cast: Magic Dart        |    70 |    28 ||    98
       Searing Ray       |     2 |     4 ||     6
Evoke: Wand              |     1 |       ||     1
  Use: Potion            |     1 |     5 ||     6
